 Dungeon Crawl Stone Soup version 0.28.0-45-g0d030f2227 (webtiles) character file.

Game seed: 4708104990439867966

198448 Palewisp the Unseen (level 17, -8/95 HPs)
             Began as a Spriggan Enchanter on Apr 27, 2022.
             Was a Believer of Wu Jian.
             Killed by the raging water
             ... invoked by a water nymph
              (30 damage)
             ... on level 1 of the Shoals on Apr 29, 2022.
             The game lasted 12:20:57 (43671 turns).

Palewisp the Unseen (Spriggan Enchanter)           Turns: 43671, Time: 12:20:58

Health: -8/95      AC:  8    Str:  4    XL:     17   Next: 81%
Magic:  36/36      EV: 26    Int: 23    God:    Wu Jian [**....]
Gold:   478        SH:  0    Dex: 23    Spells: 4/45 levels left

rFire   . . .      SeeInvis +   a - +9 quick blade (spect)
rCold   . . .      Faith    .   e - +0 buckler
rNeg    . . .      Spirit   .   i - +0 troll leather armour
rPois   .          Reflect  +   I - +0 hat {Stlth+}
rElec   .          Harm     .   d - +2 cloak
rCorr   .          Rampage  .   (gloves unavailable)
Will    ++...                   (boots unavailable)
Stlth   ++........              j - amulet of reflection
HPRegen 1.05/turn               p - +4 ring of slaying
MPRegen 0.25/turn               q - +6 ring of dexterity

@: confused, slowed, studying 2 skills, very slow
A: very small, no large weapons, unfitting armour, see invisible, speed 3
}: 1/15 runes: gossamer
a: Renounce Religion, Wall Jump


You were on level 1 of the Shoals.
You worshipped Wu Jian.
Wu Jian was pleased with you.
You visited 6 branches of the dungeon, and saw 29 of its levels.
You also visited: Bailey and Volcano.

You collected 3665 gold pieces.
You spent 3187 gold pieces at shops.

Inventory:

Hand Weapons
 a - a +9 spectral quick blade (weapon)
 b - the +6 trident "Wompic" {holy, rC- rN+++ Will+ Stlth+}
   (You found it on level 6 of the Lair of Beasts)

   It has been blessed by the Shining One to cause great damage to the undead
   and demons.
   rC:        It makes you vulnerable to cold.
   rN:        It renders you almost immune to negative energy.
   Will:      It increases your willpower.
   Stlth:     It makes you more stealthy.
 t - a +7 demon trident of electrocution
 u - a +5 dagger of holy wrath
 D - a +3 rapier of venom
Missiles
 v - 22 boomerangs (quivered)
 w - 10 curare-tipped darts
 x - 3 atropa-tipped darts
 z - 5 poisoned darts
Armour
 c - the +0 hat "Zade" {rF++ rC+ MP+9 Int+3}
   (You acquired it on level 8 of the Dungeon)

   Int:       It affects your intelligence (+3).
   rF:        It greatly protects you from fire.
   rC:        It protects you from cold.
   MP:        It affects your magic capacity (+9).
 d - a +2 cloak (worn)
 e - a +0 buckler (worn)
 f - +0 steam dragon scales
 g - a +2 robe of positive energy
 h - a +2 robe of willpower
 i - a +0 troll leather armour (worn)
 A - the +0 cloak of the Stone Wall {rN+++ Str+4 Int-4 Stlth-}
   (You found it on level 1 of the Shoals)

   Str:       It affects your strength (+4).
   Int:       It affects your intelligence (-4).
   rN:        It renders you almost immune to negative energy.
   Stlth:     It makes you less stealthy.
 I - a +0 hat of stealth (worn)
Magical Staves
 s - a staff of poison
Jewellery
 j - an amulet of reflection (around neck)
 k - the ring "Arega" {rElec rC- Str-5 Int+6 SInv}
   (You found it on level 6 of the Lair of Beasts)

   [ring of intelligence]

   Str:       It affects your strength (-5).
   Int:       It affects your intelligence (+6).
   rC:        It makes you vulnerable to cold.
   rElec:     It insulates you from electricity.
   SInv:      It lets you see invisible.
 l - a ring of resist corrosion
 m - a ring of fire
 n - a ring of ice
 o - a ring of willpower
 p - a +4 ring of slaying (left hand)
 q - a +6 ring of dexterity (right hand)
 r - a +6 ring of strength
Wands
 F - a wand of polymorph (7)
Scrolls
 M - 6 scrolls of magic mapping
 N - 14 scrolls of teleportation
 O - 9 scrolls of blinking
 P - 2 scrolls of silence
 Q - 3 scrolls of torment
Potions
 R - 8 potions of heal wounds
 S - 17 potions of ambrosia
 T - 15 potions of curing
 U - a potion of resistance
 V - 5 potions of cancellation
 W - 5 potions of invisibility
 X - a potion of flight
 Y - 4 potions of haste
 Z - 4 potions of berserk rage
Miscellaneous
 y - a phantom mirror
 G - a piece from Xom's chessboard (15/15)


   Skills:
 - Level 13.1 Fighting
 - Level 11.3 Short Blades
 - Level 7.0 Armour
 * Level 12.2 Dodging
 - Level 17.0 Stealth
 - Level 7.0 Shields
 + Level 14.9 Spellcasting
 - Level 4.0 Conjurations
 - Level 11.0 Hexes
 - Level 6.0 Summonings
 - Level 3.0 Translocations
 - Level 7.2 Transmutations
 - Level 2.0 Fire Magic
 - Level 6.0 Ice Magic
 * Level 4.1 Air Magic
 * Level 5.9 Earth Magic
 * Level 5.9 Poison Magic
 - Level 5.0 Invocations


You had 4 spell levels left.
You knew the following spells:

 Your Spells              Type           Power      Damage    Failure   Level
a - Sting                 Tmut/Pois      100%       1d8       1%          1
b - Cause Fear            Hex            30%        N/A       1%          4
c - Confusing Touch       Hex            61%        N/A       1%          3
d - Yara's Violent Unrav  Hex/Tmut       28%        3d12      7%          5
e - Summon Lightning Spi  Summ/Air       40%        N/A       13%         4
f - Olgreb's Toxic Radia  Pois           44%        N/A       9%          4
g - Teleport Other        Tloc           30%        N/A       9%          3
q - Summon Mana Viper     Hex/Summ       54%        N/A       9%          5
s - Mephitic Cloud        Conj/Pois/Air  38%        N/A       4%          3
v - Slow                  Hex            100%       N/A       1%          1
w - Passwall              Tmut/Erth      39%        N/A       1%          2
x - Petrify               Tmut/Erth      47%        N/A       7%          4
z - Ensorcelled Hibernat  Hex/Ice        100%       N/A       1%          2

Your spell library contained the following spells:

 Spells                   Type           Power      Damage    Failure   Level
 Freeze                   Ice            100%       1d11      1%          1
 Magic Dart               Conj           100%       1d8       1%          1
 Summon Small Mammal      Summ           100%       N/A       1%          1
 Call Imp                 Summ           44%        N/A       1%          2
 Poisonous Vapours        Pois/Air       80%        N/A       1%          2
 Wereblood                Tmut           50%        N/A       1%          2
 Dazzling Flash           Conj/Hex       100%       N/A       1%          3
 Spider Form              Tmut/Pois      47%        N/A       1%          3
 Summon Guardian Golem    Hex/Summ       54%        N/A       1%          3
 Tukima's Dance           Hex            61%        N/A       1%          3
 Static Discharge         Conj/Air       36%        N/A       2%          2
 Call Canine Familiar     Summ           44%        N/A       2%          3
 Frozen Ramparts          Ice            88%        1d10      2%          3
 Ozocubu's Armour         Ice            44%        N/A       2%          3
 Foxfire                  Conj/Fire      100%       2x1d9     3%          1
 Searing Ray              Conj           70%        2d7       3%          2
 Ignite Poison            Fire/Tmut/Pois 40%        N/A       3%          3
 Leda's Liquefaction      Hex/Erth       27%        N/A       3%          4
 Stone Arrow              Conj/Erth      80%        3d12      4%          3
 Fulminant Prism          Conj/Hex       25%        3d14      4%          4
 Corpse Rot               Necr/Air       52%        N/A       7%          2
 Ice Form                 Ice/Tmut       47%        N/A       7%          4
 Conjure Flame            Conj/Fire      31%        6-21      9%          3
 Gell's Gravitas          Tloc           30%        N/A       9%          3
 Lesser Beckoning         Tloc           30%        N/A       9%          3
 Animate Armour           Summ/Erth      88%        N/A       9%          4
 Summon Ice Beast         Ice/Summ       44%        N/A       9%          4
 Pain                     Necr           68%        1d7       11%         1
 Hailstorm                Conj/Ice       40%        3d10      13%         4
 Sublimation of Blood     Necr           17%        N/A       16%         2
 Iskenderun's Mystic Bla  Conj/Tloc      33%        2d8       24%         4
 Sticky Flame             Conj/Fire      31%        2d5       28%         4
 Vampiric Draining        Necr           17%        2d7       30%         3
 Dispel Undead            Necr           17%        3d10      71%         4
 Metabolic Englaciation   Hex/Ice        27%        N/A       9%          5
 Silence                  Hex/Air        25%        N/A       13%         5
 Blade Hands              Tmut           25%        N/A       14%         5
 Alistair's Intoxication  Tmut/Pois      31%        N/A       19%         5
 Lee's Rapid Deconstruct  Erth           22%        3d13*     26%         5
 Irradiate                Conj/Tmut      21%        3d21      28%         5
 Freezing Cloud           Conj/Ice/Air   19%        6-21      38%         5
 Lightning Bolt           Conj/Air       18%        1d32      45%         5
 Iskenderun's Battlesphe  Conj           35%        2d9       47%         5
 Borgnjor's Vile Clutch   Necr/Erth      15%        N/A       63%         5
 Enfeeble                 Hex            30%        N/A       67%         7
 Eringya's Noxious Bog    Tmut/Pois      23%        N/A       71%         6
 Statue Form              Tmut/Erth      31%        N/A       71%         6
 Summon Cactus Giant      Summ           22%        N/A       80%         6
 Iron Shot                Conj/Erth      20%        9d5       90%         6
 Agony                    Necr           17%        N/A       96%         5
 Excruciating Wounds      Necr           8%         N/A       96%         5
 Simulacrum               Ice/Necr       15%        N/A       99%         6
 Monstrous Menagerie      Summ           22%        N/A       100%        7
 Ozocubu's Refrigeration  Ice            22%        4d9       100%        7
 Spellforged Servitor     Conj/Summ      20%        N/A       100%        7
 Summon Hydra             Summ           22%        N/A       100%        7
 Discord                  Hex            30%        N/A       100%        8
 Ignition                 Fire           13%        3d6       100%        8
 Lehudib's Crystal Spear  Conj/Erth      20%        10d6      100%        8
 Necromutation            Tmut/Necr      16%        N/A       100%        8
 Death's Door             Necr           8%         N/A       100%        9
 Shatter                  Erth           22%        3d19*     100%        9


Dungeon Overview and Level Annotations

Branches:
Dungeon (15/15)            Temple (1/1) D:5            Lair (6/6) D:8
 Shoals (1/4) Lair:2       Spider (4/4) Lair:3        Slime (0/5) Lair:6
    Orc (2/2) D:10            Elf (0/3) Orc:2        Vaults (0/5) D:14
 Depths (0/4) D:15         Bailey (visited)         Volcano (visited)

Altars:
Ashenzari
Cheibriados
Dithmenos
Elyvilon
Fedhas
Gozag
Hepliaklqana
Kikubaaqudgha
Makhleb
Nemelex Xobeh
Okawaru
Qazlal
Ru
Sif Muna
Trog
Uskayaw
Vehumet
Wu Jian
Xom
Yredelemnul
Zin
The Shining One
Jiyva
Lugonu

Shops:
D:1 :   D:2 (   D:5 !   D:10 (   Orc:1 ?   Orc:2 ?:?[

Portals:
Abyss: Lair:6

Annotations:
Shoals:1 exclusion: water nymph
Spider:1 Roxanne


Innate Abilities, Weirdness & Mutations

You are very small and have problems with some larger weapons.
You are too small for most types of armour.
You have supernaturally acute eyesight. (SInv)
You cover ground extremely quickly. (Speed+++)


Message History

z - 5 poisoned darts
Found a whip.
A water nymph comes into view.
You see here the +0 cloak of the Stone Wall {rN+++ Str+4 Int-4 Stlth-}.
A - the +0 cloak of the Stone Wall {rN+++ Str+4 Int-4 Stlth-} You start removing your armour.
You continue taking off the +0 hat "Zade" {rF++ rC+ MP+9 Int+3}. x4
You finish taking off the +0 hat "Zade" {rF++ rC+ MP+9 Int+3}.
You start putting on your armour.
You continue putting on your +0 hat of stealth. x5
You finish putting on your +0 hat of stealth.
You feel stealthy.
A merfolk comes into view. It is wielding a +0 trident.
You enter the shallow water.
Moving in this stuff is going to be slow.
You enter the shallow water.
Moving in this stuff is going to be slow.
You enter the shallow water.
Moving in this stuff is going to be slow.
Really walk into a travel-excluded area?
A snapping turtle comes into view.
The water nymph shouts!
A merfolk javelineer comes into view. It is wielding a +1 spear of pain.
The water nymph points at you and mumbles some strange words.
The water swirls and strikes you!!
The water nymph gestures at you while chanting.
The water swirls and strikes you!!
The snapping turtle hisses angrily.
Sif Muna's wrath finds you.
You are confused.
The divine experience drains your vigour!
You feel yourself slow down. The water nymph casts a spell at you.
The water swirls and strikes you!!
* * * LOW HITPOINT WARNING * * *
The snapping turtle bites you but does no damage.
The snapping turtle completely misses you.
The water nymph gestures at you while chanting.
The water swirls and strikes you!!
You die...

≈≈≈≈≈≈≈≈≈≈≈≈≈≈...≈≈≈.##..
.≈≈≈≈≈≈≈≈≈≈≈≈)≈≈.≈≈≈....≈m
.≈≈≈≈≈≈≈≈≈≈≈≈≈≈≈≈≈≈≈≈..(≈≈
≈≈≈≈≈≈≈≈≈≈≈≈≈≈≈≈≈≈≈≈≈≈≈≈≈≈...≈≈≈
≈≈≈≈≈≈≈≈≈≈≈≈≈≈≈≈≈≈≈≈≈≈≈≈≈≈...."≈≈
≈≈≈≈≈≈≈≈≈≈≈≈≈≈≈≈≈tm≈≈≈≈≈≈..# #.≈≈
≈≈≈≈≈≈≈≈≈≈≈≈≈≈≈≈≈≈≈≈≈≈≈≈≈..# #.≈≈
≈≈≈≈≈≈≈≈≈≈≈≈≈≈≈≈≈≈≈≈≈≈≈≈≈..###.≈≈
≈≈≈≈.≈≈≈≈≈≈≈≈≈≈≈@≈≈≈≈≈≈≈≈≈.....≈≈
≈≈≈≈.≈≈≈≈≈≈≈≈≈≈≈≈≈≈≈≈≈≈≈≈≈≈≈≈≈≈..
≈≈≈≈..)≈≈≈≈≈≈≈≈≈≈≈≈≈≈≈≈≈≈≈≈≈≈....
≈≈≈≈...≈≈≈≈≈≈≈≈(≈≈≈≈≈≈≈≈≈≈≈≈..###
.†≈.##.≈≈≈≈≈≈...≈≈≈≈≈≈≈≈≈≈≈≈≈.# #
....###≈≈≈≈..####.≈≈≈≈≈≈≈≈≈≈≈.###
...###.≈≈≈≈..# ##..≈.............
≈......≈≈≈≈..###.....####........
≈.###...≈........##### ######.≈≈


You could see a snapping turtle and a water nymph.

Vanquished Creatures
  Jorgrun (Orc:1)
  Rupert (Lair:6)
  Asterion (Spider:2)
  2 emperor scorpions (Spider:4)
  2 orc warlords (Orc:2)
  9 ghost moths
  Louise (Spider:1)
  2 broodmothers (Spider:3)
  Azrael (Spider:1)
  Nessos (Lair:5)
  5 spark wasps
  6 entropy weavers
  An ettin (Orc:2)
  A catoblepas (D:14)
  2 ogre magi
  18 boulder beetles
  4 vault guards (D:14)
  7 hydras
  A jorogumo (Spider:2)
  4 radroaches
  7 death yaks
  4 centaur warriors
  A death knight (D:14)
  3 two-headed ogres
  An orc high priest (Orc:2)
  5 tengu warriors
  A hell knight (Volcano)
  A large abomination (Lair:6)
  4 thrashing horrors (Lair:6)
  Sonja (D:10)
  Nergalle (D:10)
  2 pharaoh ants (Spider:3)
  A spark wasp zombie (D:14)
  4 steelbarb worms
  9 orb spiders
  A sun moth (Spider:2)
  A deep troll (D:15)
  A tengu zombie (D:14)
  6 orc knights
  4 harpies (Shoals:1)
  3 deep elf pyromancers
  A fire giant zombie (D:14)
  2 necromancers (D:15)
  6 orc sorcerers
  24 wolf spiders
  A moth of wrath (Spider:2)
  11 ugly things
  A deep elf zephyrmancer (D:15)
  A shadow dragon skeleton (D:14)
  A sphinx skeleton (D:14)
  5 manticores
  A fire giant skeleton (D:14)
  18 elephants
  7 cyclopes
  2 merfolk sirens
  Maurice (D:10)
  4 black mambas
  2 smoke demons
  A black mamba (shapeshifter) (Lair:6)
  A frost giant skeleton (D:14)
  4 gargoyles
  9 demonic crawlers
  17 cane toads
  6 torpor snails
  Maggie (D:6)
  4 unseen horrors
  Psyche (D:10)
  A freezing wraith (D:14)
  An efreet (D:10)
  A rime drake (Lair:3)
  11 komodo dragons
  3 ancient zymes (Lair:6)
  3 yaktaurs
  2 spriggan skeletons (D:14)
  8 trolls
  22 meliai
  A queen bee (Spider:4)
  19 tarantellas
  4 polar bears
  23 blink frogs
  17 culicivoras
  2 ynoxinuls (Lair:6)
  18 jumping spiders
  3 shadows
  5 wraiths
  A vampire (D:9)
  32 yaks
  An ettin skeleton (D:14)
  2 fire bats (D:10)
  6 fire elementals
  A chaos spawn (Lair:6)
  4 wyverns
  3 humans
  9 small abominations (Lair:6)
  12 basilisks
  61 redbacks
  A steam dragon (D:8)
  Menkaure (D:5)
  5 wargs (Orc:2)
  4 vampire mosquitoes (D:10)
  An acid dragon (D:6)
  23 water moccasins
  37 orc warriors
  A hell hound (Spider:1)
  A sky beast (D:7)
  A necrophage (D:8)
  7 ogres
  3 black bears
  An ice beast (D:7)
  A boggart (shapeshifter) (Lair:6)
  15 centaurs
  2 phantoms
  14 wolves
  2 kobold brigands
  10 bullfrogs
  2 gnoll sergeants (D:8)
  4 scorpions
  A wyvern zombie (D:8)
  3 troll zombies (D:10)
  A water moccasin zombie (D:6)
  A wyvern skeleton (D:7)
  23 killer bees
  2 electric eels (Lair:2)
  12 wights
  2 jellies
  3 bullfrog zombies
  A centaur zombie (D:9)
  22 orc priests
  A hound (D:6)
  A bullfrog skeleton (D:6)
  A gnoll shaman (D:9)
  4 hell rats (Lair:4)
  An iguana (D:5)
  26 orc wizards
  A killer bee zombie (D:7)
  5 ogre zombies (D:10)
  3 hound skeletons
  18 gnolls
  4 adders
  2 shadow imps
  A white imp (D:8)
  5 worms
  2 dart slugs (D:2)
  73 orcs
  A bat (D:2)
  4 endoplasms
  2 giant cockroaches
  8 goblins
  6 hobgoblins
  14 kobolds
  3 ball pythons
  9 frilled lizards
  2 goblin skeletons (D:10)
  2 goblin zombies (D:10)
  A hobgoblin skeleton (D:10)
  A hobgoblin zombie (D:10)
  An orc skeleton (D:10)
  18 orc zombies (D:10)
  2 rats (D:2)
968 creatures vanquished.

Vanquished Creatures (collateral kills)
  An ettin (D:15)
  2 two-headed ogres (D:15)
  3 soul eaters (D:14)
  An orc sorcerer (Orc:2)
  A large abomination (Lair:6)
  A warg (Orc:2)
  5 orc warriors
  A gnoll sergeant (D:12)
  2 orc wizards
  A gnoll (D:12)
  An orc (Orc:2)
19 creatures vanquished.

Vanquished Creatures (others)
  A jumping spider (Spider:3)
  11 dancing weapons
  An orc priest (Orc:2)
  2 foxfires (Spider:1)
  41 fungi
  61 plants
117 creatures vanquished.

Grand Total: 1104 creatures vanquished

Notes
Turn   | Place    | Note
-------+----------+-------------------------------------------
     0 | D:1      | Palewisp the Spriggan Enchanter began the quest for the
                  | Orb.
     0 | D:1      | Reached XP level 1. HP: 9/9 MP: 5/5
    90 | D:1      | Reached skill level 1 in Ice Magic
   103 | D:1      | Reached XP level 2. HP: 10/13 MP: 6/6
   106 | D:1      | Learned a level 2 spell: Ensorcelled Hibernation
   246 | D:1      | Found a faded altar of an unknown god.
   256 | D:1      | Prayed at the altar of an unknown god.
   256 | D:1      | Became a worshipper of Ashenzari the Shackled
   361 | D:1      | Found Xykump's Book Shop.
   479 | D:2      | Reached skill level 5 in Stealth
   487 | D:2      | Found Ugar's Antique Weapon Shoppe.
   608 | D:2      | Reached XP level 3. HP: 16/16 MP: 5/8
   612 | D:2      | Learned a level 3 spell: Confusing Touch
   616 | D:2      | Learned a level 3 spell: Tukima's Dance
   789 | D:2      | Reached skill level 6 in Stealth
  1065 | D:2      | Reached XP level 4. HP: 21/21 MP: 3/9
  1542 | D:3      | Reached skill level 7 in Stealth
  1548 | D:3      | Reached * piety under Ashenzari
  2187 | D:4      | Noticed a scorpion
  2250 | D:4      | Killed a scorpion
  2251 | D:4      | Reached XP level 5. HP: 24/24 MP: 2/11
  2313 | D:4      | Found a radiant altar of Vehumet.
  2730 | D:4      | Learned a level 2 spell: Poisonous Vapours
  2820 | D:4      | Reached XP level 6. HP: 29/29 MP: 13/13
  2932 | D:4      | Reached skill level 1 in Poison Magic
  2976 | D:4      | Reached skill level 1 in Air Magic
  3064 | D:5      | Entered Level 5 of the Dungeon
  3199 | D:5      | Learned a level 3 spell: Ignite Poison
  3219 | D:5      | Found a basalt altar of Yredelemnul.
  3231 | D:5      | Found a staircase to the Ecumenical Temple.
  3378 | D:5      | Reached ** piety under Ashenzari
  3659 | D:5      | Found Faycaa's Distillery.
  3669 | D:5      | Bought a potion of degeneration for 13 gold pieces
  3756 | Temple   | Entered the Ecumenical Temple
  4201 | D:6      | Noticed Menkaure
  4282 | D:6      | Found an ancient bone altar of Kikubaaqudgha.
  4333 | D:6      | Noticed a water moccasin
  4442 | D:6      | Identified the Collected Works on Curses and Summoning
  4450 | D:6      | Learned a level 1 spell: Slow
  4820 | D:6      | Reached skill level 1 in Transmutations
  5009 | Temple   | Fell from the grace of Ashenzari
  5009 | Temple   | Became a worshipper of Sif Muna the Loreminder
  5047 | D:5      | Reached skill level 1 in Fighting
  5290 | D:5      | Reached XP level 7. HP: 15/35 MP: 6/13
  5680 | D:5      | Reached skill level 5 in Dodging
  5775 | D:6      | HP: 1/35 [poisoned by a water moccasin]
  5803 | D:6      | Found a snail-covered altar of Cheibriados.
  6191 | D:6      | Noticed Maggie
  6439 | D:6      | Reached * piety under Sif Muna
  6440 | D:6      | Was forgiven by Ashenzari
  6448 | D:6      | Found a sparkling altar of Nemelex Xobeh.
  6457 | D:6      | Reached XP level 8. HP: 24/39 MP: 13/15
  6486 | D:6      | Reached skill level 1 in Fire Magic
  6586 | D:6      | Reached skill level 5 in Spellcasting
  6608 | D:6      | Reached skill level 5 in Hexes
  6876 | D:5      | Killed Menkaure
  6877 | D:5      | Reached skill level 8 in Stealth
  7119 | D:7      | Found a flagged portal.
  7142 | Bailey   | Entered a bailey
  7252 | Bailey   | Reached skill level 9 in Stealth
  7606 | Bailey   | Reached skill level 5 in Transmutations
  7740 | Bailey   | Reached XP level 9. HP: 16/42 MP: 4/17
  7850 | Bailey   | Noticed an orc knight
  7850 | Bailey   | Noticed an orc knight
  7854 | Bailey   | Reached skill level 10 in Dodging
  7854 | Bailey   | Reached skill level 5 in Summonings
  7854 | Bailey   | Reached XP level 10. HP: 33/46 MP: 18/18
  7861 | Bailey   | Learned a level 5 spell: Summon Mana Viper
  8152 | Bailey   | Killed an orc knight
  8248 | Bailey   | Killed an orc knight
  8747 | D:7      | Reached ** piety under Sif Muna
  9122 | D:7      | Found a hide-covered altar of Uskayaw.
  9131 | D:7      | Found a glowing silver altar of Zin.
  9413 | D:6      | Killed Maggie
  9876 | D:8      | Noticed a six-headed hydra
 10040 | D:8      | Killed a six-headed hydra
 10045 | D:8      | Noticed a tengu warrior
 10088 | D:8      | Killed a tengu warrior
 10089 | D:8      | Reached skill level 10 in Stealth
 10089 | D:8      | Reached XP level 11. HP: 51/51 MP: 17/23
 10230 | D:8      | Found a staircase to the Lair.
 10909 | D:8      | Noticed a five-headed hydra
 11044 | D:8      | Killed a five-headed hydra
 11052 | D:8      | Reached skill level 11 in Stealth
 11135 | D:8      | Noticed a tengu warrior
 11140 | D:8      | Reached *** piety under Sif Muna
 11226 | D:8      | Killed a tengu warrior
 11350 | D:9      | Found a broken altar of Ashenzari.
 11621 | D:9      | Learned a level 5 spell: Yara's Violent Unravelling
 11855 | D:8      | Found a staircase to the Lair.
 12527 | D:9      | Found a blossoming altar of Fedhas.
 12851 | D:10     | Entered Level 10 of the Dungeon
 12854 | D:10     | Noticed Psyche
 12859 | D:10     | Killed Psyche
 12865 | D:10     | Found a bloodstained altar of Trog.
 13081 | D:10     | Found a shadowy altar of Dithmenos.
 13214 | D:10     | Found an iron altar of Okawaru.
 13241 | D:10     | Reached skill level 12 in Stealth
 13315 | D:10     | Noticed Nergalle
 13362 | D:10     | Killed Nergalle
 13363 | D:10     | Found a staircase to the Orcish Mines.
 13408 | D:10     | Reached **** piety under Sif Muna
 13481 | D:10     | Noticed Sonja
 13555 | D:10     | Found Nisu's Weapon Shoppe.
 13579 | D:10     | Noticed Maurice
 13582 | D:10     | Killed Maurice
 13604 | D:10     | Found a stormy altar of Qazlal.
 13728 | D:10     | Reached XP level 12. HP: 48/56 MP: 23/26
 13801 | D:10     | Got the +5 demon whip "Daowenwu" {flame, Will++ Dex+6}
 14034 | D:11     | Reached skill level 13 in Stealth
 14103 | D:11     | Reached skill level 10 in Hexes
 14166 | D:11     | Identified the +1 leather armour of the Last Souls {Int+3}
 14453 | D:11     | Reached skill level 10 in Spellcasting
 14773 | D:10     | Noticed a boulder beetle
 14963 | D:10     | Killed a boulder beetle
 14986 | D:10     | Killed Sonja
 15569 | D:12     | Noticed a boulder beetle
 15679 | D:12     | Reached ***** piety under Sif Muna
 16106 | D:12     | Killed a boulder beetle
 16114 | D:12     | Identified a scroll of acquirement
 16873 | D:13     | Reached skill level 5 in Fighting
 17040 | D:13     | Reached skill level 1 in Invocations
 18027 | D:1      | Bought a book of Sloth for 468 gold pieces
 18027 | D:1      | Bought a book of Minor Magic for 234 gold pieces
 18033 | D:1      | Learned a level 5 spell: Metabolic Englaciation
 18037 | D:1      | Learned a level 3 spell: Mephitic Cloud
 18503 | D:14     | Noticed a boulder beetle
 18523 | D:14     | Noticed a catoblepas
 18630 | D:14     | Received a gift from Sif Muna
 18631 | D:14     | Reached XP level 13. HP: 50/63 MP: 27/29
 18631 | D:14     | Got Sif Muna's Guide on Shape Shifting {god gift}
 18678 | D:14     | Reached skill level 14 in Stealth
 18810 | D:14     | Reached skill level 1 in Conjurations
 18916 | D:14     | Reached skill level 15 in Stealth
 19038 | D:14     | Reached skill level 16 in Stealth
 19050 | D:14     | Found a gate to the Vaults.
 19054 | D:14     | Reached skill level 10 in Short Blades
 19350 | D:14     | Found the +4 Cigotuvi's embrace {rMiasma Drain rN+}
 19478 | D:15     | Entered Level 15 of the Dungeon
 19776 | D:14     | Reached skill level 1 in Armour
 19776 | D:14     | Reached skill level 1 in Shields
 20032 | D:15     | Reached XP level 14. HP: 55/70 MP: 24/30
 20071 | D:15     | Found a staircase to the Depths.
 20402 | D:15     | Received a gift from Sif Muna
 20403 | D:15     | Got Sif Muna's Catalogue of Evil Rites and Calling {god
                  | gift}
 20550 | D:15     | Reached skill level 5 in Ice Magic
 21411 | Lair:1   | Entered Level 1 of the Lair of Beasts
 22252 | Lair:2   | Found a dark tunnel.
 22257 | Volcano  | Entered a volcano
 22264 | Volcano  | Learned a level 4 spell: Hailstorm
 22270 | Volcano  | Learned a level 4 spell: Summon Ice Beast
 22274 | Volcano  | Learned a level 3 spell: Frozen Ramparts
 22493 | Lair:2   | Learned a level 5 spell: Summon Mana Viper
 22562 | Lair:2   | Found a staircase to the Shoals.
 23111 | Lair:2   | Reached skill level 5 in Armour
 23132 | Lair:2   | Reached skill level 5 in Shields
 23496 | Lair:3   | Reached skill level 1 in Earth Magic
 23962 | Lair:3   | Found a hole to the Spider Nest.
 24259 | Lair:3   | Reached XP level 15. HP: 73/73 MP: 5/31
 25245 | Lair:4   | Learned a level 4 spell: Petrify
 25332 | Lair:5   | Noticed Nessos
 25337 | Lair:5   | Killed Nessos
 26019 | Lair:5   | Received a gift from Sif Muna
 26020 | Lair:5   | Got Sif Muna's Collected Works on Moulding and Enchantment
                  | {god gift}
 26602 | D:8      | Learned a level 4 spell: Cause Fear
 26812 | Lair:6   | Entered Level 6 of the Lair of Beasts
 26812 | Lair:6   | Found a staircase to the Slime Pits.
 26812 | Lair:6   | Found a viscous altar of Jiyva.
 26956 | Lair:6   | Noticed Rupert
 27052 | Lair:6   | Killed Rupert
 27053 | Lair:6   | Reached skill level 5 in Invocations
 27338 | Lair:6   | Identified the +0 pair of gloves "Usurchee" {Str+3}
 28148 | Lair:6   | Identified the ring "Arega" {rElec rC- Str-5 Int+6 SInv}
 28640 | Lair:6   | Found a corrupted altar of Lugonu.
 28640 | Lair:6   | Found a one-way gate to the infinite horrors of the Abyss.
 28695 | Lair:6   | Identified the +6 trident "Wompic" {holy, rC- rN+++ Will+
                  | Stlth+}
 28700 | Lair:6   | Identified the amulet "Egitic" {Spirit Str+3}
 29519 | Orc:1    | Entered Level 1 of the Orcish Mines
 29609 | Orc:1    | Noticed Jorgrun
 29893 | Orc:1    | Killed Jorgrun
 29944 | Orc:2    | Entered Level 2 of the Orcish Mines
 30042 | Orc:2    | Received a gift from Sif Muna
 30043 | Orc:2    | Got Sif Muna's Handbook of Gliding Bewitchment {god gift}
 30657 | Orc:2    | Reached XP level 16. HP: 77/78 MP: 0/33
 30971 | Orc:2    | Found a staircase to the Elven Halls.
 31026 | Orc:2    | Received a gift from Sif Muna
 31155 | Orc:2    | Found Vixokive's Book Emporium.
 31155 | Orc:2    | Found Suschuto's Armour Shoppe.
 31158 | Orc:2    | Found Dejiy's Magic Scroll Emporium.
 31158 | Orc:2    | Found Xin Paos's Magic Scroll Shoppe.
 31177 | Orc:2    | Bought a manual of Fighting for 1120 gold pieces
 31584 | Orc:2    | Got the Volume of Ashen Intoxication
 31693 | Orc:2    | Identified the +0 lajatang "Puoker" {vorpal, Str+3}
 31726 | Orc:2    | Reached skill level 5 in Poison Magic
 31740 | Orc:2    | Lost strength.
 31787 | Orc:1    | Found Zarit's Magic Scroll Shop.
 31912 | Orc:1    | Learned a level 2 spell: Passwall
 31917 | Orc:1    | Learned a level 4 spell: Olgreb's Toxic Radiance
 32182 | Spider:1 | Entered Level 1 of the Spider Nest
 33166 | Spider:1 | Noticed Louise
 33189 | Spider:1 | Noticed Azrael
 33194 | Spider:1 | Killed Azrael
 33194 | Spider:1 | Received a gift from Sif Muna
 33205 | Spider:1 | Got Sif Muna's Grimoire of the Mountains and Confrontation
                  | {god gift}
 33208 | Spider:1 | Learned a level 1 spell: Foxfire
 33300 | Spider:1 | Noticed Roxanne
 33947 | Spider:1 | Killed Louise
 34177 | Spider:2 | Reached skill level 10 in Fighting
 35158 | Spider:2 | Learned a level 1 spell: Sting
 35163 | Spider:2 | Learned a level 4 spell: Summon Lightning Spire
 35285 | Spider:3 | Noticed Asterion
 35418 | Spider:2 | Killed Asterion
 36317 | Spider:2 | HP: 1/82 [jorogumo/bolt of negative energy (52)]
 36895 | Spider:3 | Reached skill level 1 in Translocations
 36929 | Spider:3 | Reached XP level 17. HP: 40/94 MP: 1/35
 37560 | Spider:3 | Learned a level 3 spell: Teleport Other
 37786 | Spider:3 | Reached skill level 17 in Stealth
 37894 | Spider:4 | Entered Level 4 of the Spider Nest
 39004 | Spider:3 | Reached skill level 5 in Earth Magic
 39055 | Spider:4 | Received a gift from Sif Muna
 39238 | D:8      | Acquired the +0 hat "Zade" {rF++ rC+ MP+9 Int+3}
 39961 | Spider:4 | Got Sif Muna's Grimoire of Ghastly Conjuration {god gift}
 40310 | Spider:4 | HP: 2/95 [poisoned by a wolf spider]
 40325 | Spider:4 | HP: 1/95 [wolf spider (5)]
 40598 | Orc:2    | Bought a scroll of acquirement for 676 gold pieces
 40601 | Orc:2    | Acquired 697 gold pieces
 40604 | Orc:2    | Bought a scroll of acquirement for 676 gold pieces
 40604 | Orc:2    | Acquired a +5 quick blade
 41778 | Temple   | Fell from the grace of Sif Muna
 41778 | Temple   | Became a worshipper of the Wu Jian Council
 42437 | Spider:4 | Reached * piety under Wu Jian
 43075 | Spider:4 | Got a gossamer rune of Zot
 43389 | Shoals:1 | Entered Level 1 of the Shoals
 43491 | Shoals:1 | Reached ** piety under Wu Jian
 43625 | Shoals:1 | Identified the +0 cloak of the Stone Wall {rN+++ Str+4
                  | Int-4 Stlth-}
 43671 | Shoals:1 | Killed from afar by a water nymph

Illustrated notes

Levels and vault maps discovered:
D:1:      wander_arrival_fairy_ring, layout_basic,
          hellmonk_ecumenical_altar_blasted, serial_shops, shop,
          minmay_lizard_pond
D:2:      layout_basic, serial_shops, nicolae_square_shop
D:3:      wander_river, layout_basic, minmay_misc_feat_cross
D:4:      layout_loops_ring, nicolae_vehumet_altar_sigil,
          chequers_serial_rivers_small_b, supply_closet_lemuel
D:5:      layout_basic, yredelemnul_altar_generic, temple_pool_b, serial_shops,
          nicolae_shop_hallway_plus
D:6:      layout_loops_ring, mainiacjoe_overflow_chevrons,
          overflow_temple_1_default, nemelex_diamond_rough_becter, uniq_maggie,
          uniq_menkaure
D:7:      layout_loops_ring, mainiacjoe_overflow_swirl, enter_bailey_2,
          kennysheep_generic_room_11
D:8:      minmay_diamond_stairs, layout_loops_ring, minmay_lair_entry_grove,
          grunt_tough_drop
D:9:      layout_roguey, fedhas_altar_4, evilmike_ruin_ashenzari
D:10:     minmay_firetagon, layout_loops_ring, mainiacjoe_overflow_alcove_2,
          mainiacjoe_overflow_cross_hatched, okawaru_humans, kennysheep_mini,
          zombieorc2_lemuel, serial_shops, kennysheep_little_box, uniq_maurice,
          uniq_psyche, uniq_nergalle, uniq_sonja
D:11:     layout_layer_cave, roderic_lattice_a, minmay_misc_feat_tiny
D:12:     layout_loops_ring
D:13:     layout_cave_pods
D:14:     layout_rooms, grunt_vaults_entry_fortified, minmay_fountain_box,
          hellmonk_guarded_unrand_cigotuvi
D:15:     hangedman_depths_entry_civil_slaughter, layout_loops_corners,
          serial_park_tiny_pond
Temple:   jpeg_temple_island
Lair:1:   layout_big_grid, nicolae_quartered_pool_impasse, st_stairs_3,
          lemuel_fruit_tree
Lair:2:   layout_chaotic_city, elwin_shoals_entry_rooms,
          nicolae_volcano_entry_s_turn, minivault_25,
          chequers_serial_rivers_micro_c, serial_bayou_shore_a
Lair:3:   layout_gridlike, spider_nest_entry_webs, grunt_megastairs_4
Lair:4:   layout_long_grid, beast_lair_carwin_11
Lair:5:   layout_misc_corridors, uniq_nessos
Lair:6:   hellmonk_lair_end_abyssal_woods, layout_hall_layers, slime_altar_1,
          uniq_rupert
Shoals:1: layout_shoals, nicolae_shoals_seven_spires
Spider:1: layout_chambers, nicolae_spider_rock_and_or_roll, uniq_louise,
          uniq_roxanne, uniq_azrael
Spider:2: layout_spider_delve
Spider:3: layout_spider_delve, drop_trap, uniq_asterion
Spider:4: grunt_spider_rune_parallel, special_room [special_room_bee]
Orc:1:    layout_diamond_mine, serial_shops, nicolae_shop_behind_doors,
          nicolae_orc_stony_grotto, uniq_jorgrun
Orc:2:    st_orc_mages, layout_caves, minmay_orc_treasury

Skill      XL: |  1  2  3  4  5  6  7  8  9 10 11 12 13 14 15 16 17 |
---------------+----------------------------------------------------+-----
Ice Magic      | 1 3 6 |  6.0
Spellcasting   | 3 4 5 7 9 11 12 13 14 | 14.9
Hexes          | 4 5 7 9 11 | 11.0
Stealth        | 5 6 7 9 10 12 13 16 17 | 17.0
Short Blades   | 3 4 8 9 10 11 | 11.3
Poison Magic   | 1 3 4 5 |  5.9
Air Magic      | 1 2 3 4 |  4.1
Transmutations | 1 5 6 7 |  7.2
Fighting       | 2 3 5 6 12 13 | 13.1
Dodging        | 6 10 11 12 | 12.2
Fire Magic     | 2 |  2.0
Summonings     | 5 6 |  6.0
Invocations    | 2 4 5 |  5.0
Conjurations   | 2 4 |  4.0
Armour         | 1 5 6 7 |  7.0
Shields        | 1 5 6 7 |  7.0
Earth Magic    | 1 4 5 |  5.9
Translocations | 1 3 |  3.0

Action                   |  1- 3 |  4- 6 |  7- 9 | 10-12 | 13-15 | 16-18 || total
-------------------------+-------+-------+-------+-------+-------+-------++-------
Melee: Dagger            |    57 |    50 |    61 |   505 |   569 |     9 ||  1251
       Short sword       |       |    16 |       |       |   264 |   113 ||   393
       Spear             |       |    43 |    56 |   150 |   231 |       ||   480
       Punch             |       |     2 |     5 |    13 |    13 |     8 ||    41
       Demon whip        |       |       |       |     2 |       |       ||     2
       Trident           |       |       |       |       |     5 |    79 ||    84
       Rapier            |       |       |       |       |       |   303 ||   303
       Demon trident     |       |       |       |       |       |    40 ||    40
       Quick blade       |       |       |       |       |       |   261 ||   261
 Fire: Arbalest          |       |       |       |     3 |    21 |    10 ||    34
Throw: Stone             |       |       |       |     1 |       |       ||     1
       Boomerang         |       |       |       |       |     7 |     7 ||    14
 Cast: Ensorcelled Hiber |    15 |    57 |    53 |   128 |   307 |   238 ||   798
       Confusing Touch   |     1 |     7 |    10 |    53 |    47 |     7 ||   125
       Tukima's Dance    |       |     1 |     5 |    23 |     2 |       ||    31
       Slow              |       |       |       |    43 |    46 |       ||    89
       Poisonous Vapours |       |       |       |     9 |     8 |     3 ||    20
       Ignite Poison     |       |       |       |     2 |       |       ||     2
       Yara's Violent Un |       |       |       |     8 |     3 |       ||    11
       Summon Mana Viper |       |       |       |     2 |    14 |     4 ||    20
       Metabolic Englaci |       |       |       |       |     3 |       ||     3
       Mephitic Cloud    |       |       |       |       |    46 |    59 ||   105
       Summon Ice Beast  |       |       |       |       |     1 |       ||     1
       Petrify           |       |       |       |       |    26 |    21 ||    47
       Hailstorm         |       |       |       |       |     2 |       ||     2
       Passwall          |       |       |       |       |       |    35 ||    35
       Olgreb's Toxic Ra |       |       |       |       |       |    11 ||    11
       Summon Lightning  |       |       |       |       |       |    14 ||    14
       Sting             |       |       |       |       |       |     6 ||     6
       Foxfire           |       |       |       |       |       |     1 ||     1
       Cause Fear        |       |       |       |       |       |     2 ||     2
Invok: Curse Item        |     1 |     3 |       |       |       |       ||     4
       Shatter the Chain |       |     1 |       |       |       |       ||     1
       Forget Spell      |       |       |       |       |     5 |     4 ||     9
       Channel Magic     |       |       |       |       |     1 |       ||     1
       Whirlwind         |       |       |       |       |       |    58 ||    58
       Lunge             |       |       |       |       |       |    24 ||    24
  Use: Potion            |       |       |     1 |       |       |     1 ||     2
       Scroll            |       |       |       |     8 |     3 |     8 ||    19
 Stab: Sleeping          |    22 |    25 |    27 |    96 |   188 |   138 ||   496
       Confused          |     1 |     5 |     6 |    43 |   105 |    54 ||   214
       Distracted        |       |       |       |     1 |     9 |    24 ||    34
       Petrified         |       |       |       |       |    15 |     5 ||    20
       Petrifying        |       |       |       |       |     1 |       ||     1
       Held in net/web   |       |       |       |       |       |     1 ||     1
Armor: Robe              |     3 |     6 |     5 |       |       |       ||    14
       Steam dragon scal |       |       |       |    22 |    27 |       ||    49
       Troll leather arm |       |       |       |       |    53 |    83 ||   136
       Acid dragon scale |       |       |       |       |       |     4 ||     4
Dodge: Dodged            |    21 |    41 |    51 |   234 |   475 |   621 ||  1443
Block: Other             |       |       |       |     9 |    91 |   138 ||   238
       Reflection        |       |       |       |     2 |     5 |     2 ||     9
       Buckler           |       |       |       |       |    24 |    40 ||    64
